 Dungeon Crawl Stone Soup version 0.22.1-1-ga44c0e56f4 (webtiles) character file.

116387 Gargoyl the Agent of Entropy (level 16, -1/134 HPs)
             Began as a Centaur Abyssal Knight on Nov 7, 2018.
             Was a Priest of Lugonu.
             Slain by a nagaraja (4 damage)
             ... on level 2 of the Snake Pit.
             The game lasted 01:12:32 (45095 turns).

Gargoyl the Agent of Entropy (CeAK)                Turns: 45095, Time: 01:12:33

Health: -1/134     AC: 29    Str: 21    XL:     16   Next: 20%
Magic:  26/26      EV:  1    Int: 11    God:    Lugonu [***...]
Gold:   1127       SH: 12    Dex: 10    Spells: 15/15 levels left

rFire    + + .     SeeInvis .   k - +3 war axe (elec)
rCold    + . .     Gourm    .   a - +2 shield of Resistance {rF+ rC+ MR+}
rNeg     + . .     Faith    .   Q - +2 plate armour {MR+}
rPois    .         Spirit   .   C - +1 helmet
rElec    .         Reflect  .   F - scarf {cloud immunity}
rCorr    .         Harm     .   U - +0 pair of gloves
MR       ++++.                  e - +3 centaur barding {rF+}
Stlth    ..........             B - amulet of rage
HPRegen  0.32/turn              g - ring of protection from magic
MPRegen  0.20/turn              G - ring of positive energy

@: lethally poisoned (-1 -> -2), constricted, very quick
A: large, hooves 3, deformed body, speed 2, tough skin 3
a: Depart the Abyss, Bend Space, Banish, Renounce Religion, Evoke Berserk Rage


You were on level 2 of the Snake Pit.
You worshipped Lugonu.
Lugonu was most pleased with you.
You were hungry.

You visited 5 branches of the dungeon, and saw 26 of its levels.
You visited the Abyss 4 times.
You also visited: Bailey.

You collected 3654 gold pieces.
You spent 2527 gold pieces at shops.

Inventory:

Hand Weapons
 h - a +4 whip of venom
 k - a +3 war axe of electrocution (weapon)
 y - the +5 hand axe of Conscience {drain, rPois MR+ SInv}
   (You bought it in a shop on level 6 of the Dungeon)

   A truly terrible weapon, it drains the life of those it strikes.
   It protects you from poison.
   It affects your resistance to hostile enchantments.
   It lets you see invisible.
 W - a +2 vampiric war axe
Missiles
 t - 47 tomahawks of returning (quivered)
Armour
 a - the +2 shield of Resistance (worn) {rF+ rC+ MR+}
   (You acquired it on level 1 of the Orcish Mines)

   It protects you from fire.
   It protects you from cold.
   It affects your resistance to hostile enchantments.
 e - a +3 centaur barding of fire resistance (worn)
 n - the +3 plate armour of the Past {rF+}
   (You bought it in a shop on level 2 of the Orcish Mines)

   It protects you from fire.
 C - a +1 helmet (worn)
 F - a scarf of cloud immunity (worn)
 J - a +0 hat of see invisible
 Q - a +2 plate armour of magic resistance (worn)
 U - a +0 pair of gloves (worn)
Jewellery
 g - a ring of protection from magic (left hand)
 q - an uncursed ring of wizardry {unknown}
 s - an uncursed ring of flight
 B - an amulet of rage (around neck)
 G - a ring of positive energy (right hand)
 N - an uncursed ring of positive energy
 O - an uncursed ring of protection from cold
Wands
 p - a wand of iceblast (7)
 w - a wand of flame (26)
 x - a wand of acid (9)
 L - a wand of digging (21)
Scrolls
 b - a scroll of fear
 d - 4 scrolls of identify
 i - 13 scrolls of remove curse
 r - 2 scrolls of amnesia
 u - 7 scrolls of teleportation
 A - 3 scrolls of blinking
 K - a scroll of magic mapping
 M - a scroll of fog
Potions
 f - a potion of mutation {unknown}
 j - 4 potions of agility
 l - 4 potions of haste
 m - 7 potions of might
 o - 2 potions of curing
 v - 3 potions of heal wounds
 z - 9 potions of flight
 Z - 2 potions of brilliance
Comestibles
 c - 4 rations


   Skills:
 + Level 10.2 Fighting
 + Level 12.6(12.9) Axes
 + Level 4.3(9.4) Maces & Flails
 + Level 5.2 Throwing
 * Level 12.7 Armour
 + Level 4.1 Dodging
 + Level 7.3 Shields
 * Level 14.2 Invocations
 + Level 0.2 Evocations


You had 15 spell levels left.
You didn't know any spells.
Your spell library contained the following spells:

 Spells                   Type           Power        Failure   Level  Hunger
 Animate Skeleton         Necr           N/A          99%         1    ##.....
 Apportation              Tloc           #.....       99%         1    ##.....
 Beastly Appendage        Tmut           #.....       99%         1    ##.....
 Confusing Touch          Hex            #.....       99%         1    ##.....
 Infusion                 Chrm           #...         99%         1    ##.....
 Magic Dart               Conj           #...         99%         1    ##.....
 Shock                    Conj/Air       #...         99%         1    ##.....
 Summon Small Mammal      Summ           #...         99%         1    ##.....
 Call Imp                 Summ           #.......     100%        2    ###....
 Searing Ray              Conj           #.....       100%        2    ###....
 Shroud of Golubria       Chrm/Tloc      #.........   100%        2    ###....
 Song of Slaying          Chrm           #.......     100%        2    ###....
 Sticks to Snakes         Tmut           #.......     100%        2    ###....
 Swiftness                Chrm/Air       #.......     100%        2    ###....
 Call Canine Familiar     Summ           #.......     100%        3    ####...
 Dazzling Spray           Conj/Hex       #.....       100%        3    ####...
 Regeneration             Chrm/Necr      #.........   100%        3    ####...
 Spectral Weapon          Hex/Chrm       #.......     100%        3    ####...
 Spider Form              Tmut/Pois      #.........   100%        3    ####...
 Static Discharge         Conj/Air       #.......     100%        3    ####...
 Summon Guardian Golem    Hex/Summ       #.......     100%        3    ####...
 Airstrike                Air            #.........   100%        4    #####..
 Cause Fear               Hex            #.........   100%        4    #####..
 Force Lance              Conj/Tloc      #.......     100%        4    #####..
 Fulminant Prism          Conj/Hex       #.........   100%        4    #####..
 Ice Form                 Ice/Tmut       #.......     100%        4    #####..
 Iskenderun's Mystic Bla  Conj           #.......     100%        4    #####..
 Summon Ice Beast         Ice/Summ       #.......     100%        4    #####..
 Summon Lightning Spire   Summ/Air       #.......     100%        4    #####..
 Blade Hands              Tmut           #.........   100%        5    ######.
 Lightning Bolt           Conj/Air       #.........   100%        5    ######.
 Silence                  Hex/Air        #.........   100%        5    ######.
 Yara's Violent Unravell  Hex/Tmut       #.........   100%        5    ######.
 Deflect Missiles         Chrm/Air       #.........   100%        6    #######
 Discord                  Hex            #.........   100%        8    #######


Dungeon Overview and Level Annotations

Branches:
Dungeon (15/15)            Temple (0/1) D:6            Lair (6/6) D:8
  Swamp (0/4) Lair:3        Snake (2/4) Lair:2        Slime (0/5) Lair:6
    Orc (2/2) D:9             Elf (1/3) Orc:2        Vaults (0/5) D:14
 Depths (0/5) D:15

Altars:
Ashenzari
Gozag
Kikubaaqudgha
Ru
Sif Muna
Trog
Uskayaw
Vehumet
Wu Jian
Xom
Beogh

Shops:
D:6 [(   D:10 *   Orc:2 }?[[   Snake:1 ?

Annotations:
D:11 1 exclusion
D:15 Rupert
Elf:1 exclusion: Roxanne, Roxanne
Abyss:1 Menkaure


Innate Abilities, Weirdness & Mutations

You have hooves in place of feet.
Armour fits poorly on your strangely shaped body.
You cover ground very quickly.
You have extremely tough skin. (AC +3)


Message History

You slash the nagaraja!
You kick the nagaraja, but do no damage.
The nagaraja is severely wounded.
You feel sick. The nagaraja spits poison at you.
You block the splash of poison.
* * * LOW HITPOINT WARNING * * *
The nagaraja constricts you.
You hit the nagaraja. Lightning courses through the nagaraja!
The nagaraja is almost dead.
The nagaraja hits you but does no damage.
* * * LOW HITPOINT WARNING * * *
The nagaraja constricts you.
The nagaraja points at you and mumbles some strange words.
You block the poison arrow. The nagaraja constricts you.
You closely miss the nagaraja. Your kick misses the nagaraja.
The nagaraja is almost dead.
You feel sick. The nagaraja hits you!
* * * LOW HITPOINT WARNING * * *
You die...

..#####..##...# .#.##.# ..#
#...# ..# .#.....
..####...##...# ####.......
.....).......... ..........
####.....####.## #.#.......
####.#...# ...###..N......
........## #.............
........# ######.........
........# ####..@NSN........
........###....#######......
.........(..#### ......
......[.##### .....
........# ..... ........#
.... ........# ....
........# #########


You could see a nagaraja, a black mamba and a naga.

Vanquished Creatures
  Gastronok (D:9)
  Kirke (D:15)
  Nessos (D:14)
  A dire elephant (Lair:6)
  Josephine (D:15)
  An ettin (Orc:1)
  Erolcha (Orc:2)
  2 catoblepae
  3 vault guards (D:14)
  3 anacondas (Snake:1)
  A yaktaur captain (D:15)
  2 naga warriors (Snake:1)
  2 alligators
  2 dancing weapons (Elf:1)
  5 two-headed ogres
  An ogre mage (Orc:2)
  8 centaur warriors
  A deep troll shaman (Lair:6)
  5 death yaks
  A shock serpent (Snake:2)
  3 naga sharpshooters (Snake:1)
  A deep elf knight (Elf:1)
  Urug (Lair:2)
  Nergalle (Orc:2)
  An unseen horror (D:15)
  A naga ritualist (Snake:1)
  A deep elf archer (Elf:1)
  A wizard (D:14)
  A necromancer (D:14)
  8 deep elf magi (Elf:1)
  10 orc sorcerers
  4 orc knights
  5 cyclopes
  3 mana vipers
  8 ugly things
  15 elephants
  A manticore (D:14)
  3 salamanders
  5 naga magi
  13 black mambas
  A guardian serpent (Snake:1)
  5 centaur skeletons
  A torpor snail (Lair:2)
  12 spiny frogs
  2 gargoyles
  5 komodo dragons
  A kobold demonologist (D:12)
  A yaktaur (D:15)
  2 rime drakes (Lair:3)
  A redback zombie (D:14)
  A freezing wraith (D:14)
  A troll (shapeshifter) (D:13)
  6 polar bears
  8 trolls
  2 hornets
  Grinder (D:3)
  22 blink frogs
  A harpy skeleton (D:12)
  10 dream sheep
  10 hippogriffs
  11 slime creatures
  Sigmund (D:6)
  A shadow (D:15)
  3 wraiths (D:15)
  19 yaks
  2 wyverns
  A large abomination (Abyss:4)
  A fire elemental (D:13)
  18 humans (D:14)
  2 hogs (D:15)
  4 hungry ghosts
  9 vampire mosquitoes
  4 basilisks
  4 acid dragons
  12 nagas
  3 wargs
  5 swamp worms (Lair:4)
  13 water moccasins
  11 porcupines
  24 orc warriors
  4 ice beasts
  A swamp drake (Lair:4)
  2 black bears
  3 sky beasts
  An eye of draining (D:12)
  A necrophage (D:7)
  15 ogres
  5 phantoms
  10 centaurs
  17 wolves
  10 crocodiles
  2 big kobolds
  14 bullfrogs
  A small abomination (Abyss:1)
  An earth elemental (D:13)
  A scorpion (D:11)
  A water moccasin skeleton (D:7)
  4 electric eels
  2 howler monkeys (D:12)
  2 bullfrog zombies
  3 crimson imps
  5 centaur zombies
  13 orc priests
  5 hounds
  9 jellies
  A quasit (D:11)
  5 bullfrog skeletons
  36 orc wizards
  3 iguanas
  5 hell rats
  9 worker ants
  A centaur simulacrum (D:12)
  2 hound skeletons
  Robin (D:2)
  7 gnolls
  8 adders
  3 shadow imps
  A white imp (D:12)
  2 ufetubi (D:12)
  7 oozes
  An adder zombie (D:3)
  2 adder skeletons (D:6)
  5 worms
  5 leopard geckos
  63 orcs
  6 giant cockroaches
  25 goblins
  8 hobgoblins
  10 jackals
  5 quokkas
  6 bats
  8 frilled lizards
  36 kobolds
  A quokka skeleton (D:4)
  8 rats
  4 fungi
  A plant (Lair:4)
787 creatures vanquished.

Vanquished Creatures (collateral kills)
  An ogre (D:9)
1 creature vanquished.

Vanquished Creatures (others)
  5 hydras
  An alligator (Lair:4)
  An oklob plant (Lair:6)
  A deep elf mage (D:15)
  3 blink frogs
  An air elemental (D:13)
  3 humans (D:15)
  A water elemental (D:13)
  2 vampire mosquitoes (Lair:3)
  A water moccasin (D:12)
  An eye of draining (D:15)
  2 electric eels (D:12)
  12 fungi
  10 plants
44 creatures vanquished.

Grand Total: 832 creatures vanquished

Notes
Turn   | Place    | Note
-------+----------+-------------------------------------------
     0 | Abyss:1  | Gargoyl the Centaur Abyssal Knight began the quest for the
                  | Orb.
     0 | Abyss:1  | Reached XP level 1. HP: 19/19 MP: 2/2
   132 | Abyss:1  | Found a corrupted altar of Lugonu.
   145 | Abyss:1  | Found a corrupted altar of Lugonu.
   178 | Abyss:2  | Identified a scroll of acquirement
   240 | Abyss:2  | Noticed a demonic crawler
   261 | Abyss:2  | Noticed a freezing wraith
   261 | Abyss:2  | Noticed a large abomination
   262 | D:1      | Escaped the Abyss
   404 | D:1      | Reached * piety under Lugonu
   404 | D:1      | Reached XP level 2. HP: 21/26 MP: 3/3
   744 | D:1      | Reached XP level 3. HP: 20/31 MP: 4/4
  1169 | D:2      | Reached skill level 1 in Dodging
  1181 | D:2      | Reached XP level 4. HP: 20/39 MP: 5/5
  1409 | D:2      | Noticed Robin
  1429 | D:2      | Reached ** piety under Lugonu
  1658 | D:2      | Killed Robin
  1799 | D:2      | Reached skill level 1 in Maces & Flails
  1996 | D:2      | Reached XP level 5. HP: 44/46 MP: 7/7
  2511 | D:3      | Noticed Grinder
  2534 | D:3      | Paralysed by Grinder for 6 turns
  2536 | D:3      | Killed Grinder
  2536 | D:3      | Reached skill level 3 in Invocations
  2536 | D:3      | Reached XP level 6. HP: 43/52 MP: 8/8
  3241 | D:4      | Reached *** piety under Lugonu
  3255 | D:4      | Reached XP level 7. HP: 24/59 MP: 3/9
  3605 | D:4      | Found an opulent altar of Gozag.
  3682 | D:4      | Got a bloodstained chain mail
  3693 | D:4      | Identified the cursed +0 chain mail of Ygituvi {rC++ Dex+2}
                  | (You found it on level 4 of the Dungeon)
  3717 | D:4      | Reached skill level 4 in Invocations
  3950 | D:5      | Entered Level 5 of the Dungeon
  4436 | D:5      | Found an ornate altar of the Wu Jian Council.
  4595 | D:6      | Noticed Sigmund
  4604 | D:6      | Killed Sigmund
  4619 | D:6      | Got a pitted halberd
  4642 | D:6      | Identified the +8 halberd of Doom {drain, Str+4} (You found
                  | it on level 6 of the Dungeon)
  4758 | D:6      | Found Icuirak's Antique Weapon Shoppe.
  4766 | D:6      | Bought a transparent hand axe for 184 gold pieces
  4766 | D:6      | Identified the +5 hand axe of Conscience {drain, rPois MR+
                  | SInv} (You bought it in a shop on level 6 of the Dungeon)
  4776 | D:6      | Noticed Menkaure
  4783 | D:6      | Reached XP level 8. HP: 36/67 MP: 4/11
  4836 | D:6      | Banished Menkaure
  5285 | D:6      | Found a staircase to the Ecumenical Temple.
  5306 | D:6      | Reached skill level 5 in Fighting
  5315 | D:6      | Reached skill level 1 in Throwing
  5318 | D:6      | Reached skill level 5 in Invocations
  5515 | D:6      | Found a hide-covered altar of Uskayaw.
  5523 | D:6      | Found a deep blue altar of Sif Muna.
  5525 | D:6      | Found a bloodstained altar of Trog.
  5525 | D:6      | Found a shattered altar of Ashenzari.
  5528 | D:6      | Found a shimmering altar of Xom.
  5529 | D:6      | Found a sacrificial altar of Ru.
  5651 | D:6      | Found Tyirul's Armour Emporium.
  5675 | D:6      | Bought a +0 shield for 49 gold pieces
  5814 | D:7      | Noticed a hippogriff
  5824 | D:7      | Killed a hippogriff
  5824 | D:7      | Reached XP level 9. HP: 73/74 MP: 11/13
  5829 | D:7      | Reached skill level 5 in Armour
  5884 | D:7      | Found a flagged portal.
  5888 | D:7      | Reached **** piety under Lugonu
  5904 | Bailey   | Entered a bailey
  5988 | Bailey   | Noticed an orc knight
  6148 | Bailey   | Killed an orc knight
  6148 | Bailey   | Reached skill level 6 in Invocations
  7117 | D:8      | Found a staircase to the Lair.
  7118 | D:8      | Noticed a komodo dragon
  7145 | D:8      | Killed a komodo dragon
  7145 | D:8      | Reached skill level 5 in Axes
  7145 | D:8      | Reached skill level 1 in Shields
  8080 | D:8      | Reached XP level 10. HP: 81/81 MP: 15/15
  8259 | Lair:1   | Entered Level 1 of the Lair of Beasts
  8334 | Lair:1   | Noticed a spiny frog
  8342 | Lair:1   | Noticed a spiny frog
  8347 | Lair:1   | Killed a spiny frog
  8358 | Lair:1   | Killed a spiny frog
  8358 | Lair:1   | Reached skill level 7 in Invocations
  9699 | Lair:2   | Reached ***** piety under Lugonu
 10096 | Lair:2   | Reached skill level 8 in Invocations
 10295 | Lair:2   | Found a staircase to the Snake Pit.
 10313 | Lair:2   | Noticed a torpor snail
 10322 | Lair:2   | Reached XP level 11. HP: 68/91 MP: 11/17
 10703 | Lair:2   | Noticed Urug
 10722 | Lair:2   | Killed Urug
 12205 | Lair:3   | Noticed a six-headed hydra
 12209 | Lair:3   | Banished a six-headed hydra
 12336 | Lair:3   | Reached skill level 9 in Invocations
 12712 | Lair:3   | Found a staircase to the Swamp.
 13635 | Lair:4   | Reached XP level 12. HP: 64/100 MP: 10/19
 13883 | Lair:4   | Noticed an alligator
 14338 | Lair:4   | Noticed an alligator
 14339 | Lair:4   | Noticed a six-headed hydra
 14344 | Lair:4   | Banished a six-headed hydra
 14367 | Lair:4   | Killed an alligator
 14427 | Lair:4   | Noticed an alligator
 14516 | Lair:4   | Escaped the Abyss
 14517 | Lair:4   | Banished an alligator
 14985 | Lair:5   | Reached skill level 10 in Invocations
 15726 | Lair:5   | Killed an alligator
 17458 | Lair:5   | Noticed a death yak
 17480 | Lair:5   | Killed a death yak
 17733 | Lair:6   | Entered Level 6 of the Lair of Beasts
 18140 | Lair:6   | Noticed an eight-headed hydra
 18456 | Lair:5   | Banished an eight-headed hydra
 19004 | Lair:6   | Found a staircase to the Slime Pits.
 19029 | Lair:6   | Reached XP level 13. HP: 78/106 MP: 19/21
 19829 | Lair:6   | Reached skill level 11 in Invocations
 19847 | Lair:5   | Reached skill level 10 in Armour
 20614 | Lair:6   | Reached skill level 5 in Throwing
 21599 | Lair:6   | Reached skill level 10 in Axes
 22444 | Lair:6   | Noticed a dire elephant
 22461 | Lair:6   | Reached skill level 5 in Shields
 22490 | Lair:6   | Killed a dire elephant
 23158 | D:9      | Noticed Gastronok
 23177 | D:9      | Killed Gastronok
 23577 | D:9      | Found a staircase to the Orcish Mines.
 23913 | D:10     | Entered Level 10 of the Dungeon
 24335 | D:10     | Found Ubefiejo's Assorted Antiques.
 25356 | D:11     | Reached XP level 14. HP: 116/116 MP: 22/22
 26294 | D:12     | Reached skill level 12 in Invocations
 30296 | D:13     | Found a large runed door.
 30296 | D:13     | Found a large runed door.
 31557 | D:14     | Noticed Nessos
 32121 | D:14     | Killed Nessos
 33321 | D:14     | Reached XP level 15. HP: 60/125 MP: 24/24
 33631 | D:14     | Found a gate to the Vaults.
 34100 | D:15     | Entered Level 15 of the Dungeon
 34145 | D:15     | Noticed Rupert
 34155 | D:15     | Noticed Josephine
 34251 | D:15     | Killed Josephine
 34432 | D:15     | Reached ****** piety under Lugonu
 34443 | D:15     | Reached skill level 13 in Invocations
 35429 | D:15     | Cast into level 3 of the Abyss (Rupert)
 35431 | Abyss:3  | Found a corrupted altar of Lugonu.
 35573 | D:15     | Escaped the Abyss
 35594 | D:15     | Found a staircase to the Depths.
 36278 | D:15     | Noticed Kirke
 36305 | D:15     | Killed Kirke
 37268 | Orc:1    | Entered Level 1 of the Orcish Mines
 38086 | Orc:1    | Found the +2 shield of Resistance {rF+ rC+ MR+}
 38265 | Orc:2    | Entered Level 2 of the Orcish Mines
 38870 | Orc:2    | Found a staircase to the Elven Halls.
 38953 | Orc:2    | Found a roughly hewn altar of Beogh.
 39196 | Orc:2    | Found Goepni's Antique Armour Shop.
 39304 | Orc:2    | Found a radiant altar of Vehumet.
 39304 | Orc:2    | Noticed Erolcha
 39413 | Abyss:1  | Noticed a tentacled starspawn
 39450 | Orc:2    | Escaped the Abyss
 40233 | Orc:2    | Killed Erolcha
 40467 | Orc:2    | Found Dacia's Magic Scroll Shop.
 40473 | Orc:2    | Noticed Nergalle
 40503 | Orc:2    | Killed Nergalle
 40627 | Orc:2    | Found a roughly hewn altar of Beogh.
 40627 | Orc:2    | Found Qunun's Gadget Shop.
 40638 | Orc:2    | Reached skill level 10 in Fighting
 40653 | Orc:2    | Found Lituply's Antique Armour Boutique.
 40664 | Orc:2    | Bought a black opal-encrusted plate armour for 756 gold
                  | pieces
 40674 | Orc:2    | Identified the +3 plate armour of the Past {rF+} (You
                  | bought it in a shop on level 2 of the Orcish Mines)
 40713 | Orc:2    | Bought a scroll of acquirement for 728 gold pieces
 40713 | Orc:2    | Bought a scroll of teleportation for 42 gold pieces
 40713 | Orc:2    | Bought a scroll of teleportation for 42 gold pieces
 40715 | Orc:2    | Found an ancient bone altar of Kikubaaqudgha.
 40947 | Elf:1    | Entered Level 1 of the Elven Halls
 41240 | Elf:1    | Noticed Roxanne
 42512 | Snake:1  | Entered Level 1 of the Snake Pit
 42574 | Snake:1  | Reached skill level 14 in Invocations
 43351 | Snake:1  | Reached XP level 16. HP: 94/134 MP: 26/26
 43719 | Snake:1  | Found Karch's Magic Scroll Shoppe.
 43723 | Snake:1  | Bought a scroll of brand weapon for 300 gold pieces
 43723 | Snake:1  | Bought a scroll of blinking for 112 gold pieces
 43723 | Snake:1  | Bought a scroll of blinking for 112 gold pieces
 43723 | Snake:1  | Bought a scroll of blinking for 112 gold pieces
 43723 | Snake:1  | Bought a scroll of teleportation for 45 gold pieces
 43723 | Snake:1  | Bought a scroll of teleportation for 45 gold pieces
 45095 | Snake:2  | HP: 3/134 [nagaraja (15)]
 45095 | Snake:2  | Slain by a nagaraja

Skill      XL: |  1  2  3  4  5  6  7  8  9 10 11 12 13 14 15 |
---------------+----------------------------------------------+-----
Axes           | 2 4 5 6 8 9 10 11 12 | 12.6
Armour         | 2 3 4 5 7 8 9 10 11 12 | 12.7
Dodging        | 1 2 3 4 |  4.1
Maces & Flails | 1 2 3 4 |  4.3
Fighting       | 4 5 6 7 8 9 10 | 10.2
Invocations    | 3 4 5 6 8 9 10 11 12 14 | 14.2
Throwing       | 1 4 5 |  5.2
Shields        | 1 2 3 4 5 6 7 |  7.3
Evocations     | |  0.2

Action                   |  1- 3 |  4- 6 |  7- 9 | 10-12 | 13-15 | 16-18 || total
-------------------------+-------+-------+-------+-------+-------+-------++-------
Melee: Hand axe          |    50 |    17 |   257 |   589 |  1879 |    85 ||  2877
       Kick              |     6 |    26 |    93 |   188 |   730 |    47 ||  1090
       Whip              |    23 |   126 |    55 |       |       |       ||   204
       Halberd           |       |       |     5 |       |       |       ||     5
       War axe           |       |       |       |    57 |   259 |   104 ||   420
Throw: Tomahawk          |       |       |    65 |    15 |    28 |     2 ||   110
Invok: Depart the Abyss  |     1 |       |       |     1 |     2 |       ||     4
       Banish            |       |       |     2 |    13 |    17 |       ||    32
       Bend Space        |       |       |     8 |     2 |     2 |       ||    12
       Enter the Abyss   |       |       |       |     1 |     1 |       ||     2
Evoke: Wand              |       |       |       |     5 |       |       ||     5
  Use: Scroll            |     2 |    11 |    13 |     8 |    19 |     2 ||    55
       Potion            |       |       |    11 |     9 |     9 |     1 ||    30
 Stab: Petrified         |       |       |       |       |     8 |       ||     8
       Petrifying        |       |       |       |       |     1 |       ||     1
  Eat: Chunk             |       |     3 |     4 |    11 |    16 |     2 ||    36
       Ration            |       |     1 |     3 |     7 |    21 |     1 ||    33
Armor: Leather armour    |    58 |    64 |       |       |       |       ||   122
       Ring mail         |       |    39 |     6 |       |       |       ||    45
       Chain mail        |       |       |   309 |   709 |   576 |       ||  1594
       Plate armour      |       |       |       |       |   645 |   100 ||   745
Dodge: Dodged            |    36 |    68 |    41 |    79 |   211 |    13 ||   448
Block: Shield            |       |       |    93 |   395 |   927 |    93 ||  1508
